cohdb
Replays
Latest Replays
All Replays
Popular Replays
Top Player Replays
Match Explorer
How It Works
Community
CoH3 Stats
Reddit
Sign in to upload your games and track your stats! →
Sign in with Steam
Match 42657880
Unlisted
Match 42657880
Overview
Messages
Build Orders
End
Construct Section Command Post
Infantry Section
Infantry Section
Infantry Section
Grenade Package
Selects Canadian Shock Battlegroup
Selects Offensive Resupply
Selects Canadian Shock Section
Construct Platoon Command Post
Infantry Section
Selects Incendiary Munitions
Infantry Training
Royal Engineer Section
Selects Pyrotechnics
Construct Company Command Post
Crusader II Medium Tank
Porygon
Goldkeeper
Valentine
Hold The Line!
0
0
Comments
sign in to comment!
No comments posted yet!